Map: Frostline LE

Players

kuchum

  • Race: Terran Terran
  • League: Silver
  • Spawn Location: 7:00

StonedJeezus - Winner!

  • Race: Zerg Zerg
  • League: Master
  • Spawn Location: 1:00

VOD

Have the link to the VOD?

Description

Time

  • Played on: Jan. 28, 2025, 1:26 p.m.
  • Length: 21:41
Show
View Real Time Build Order
Export as new Build Order

kuchum Terran 

Build Orders: 2 Factory, Mech 

Get SALT Encoding   

  12  0:01  SCV  
  13  0:20  Supply Depot, SCV  
  14  0:32  SCV  
  15  0:44  SCV  
  15  0:49  Barracks  
  16  0:54  Barracks  
  16  1:00  SCV  
  17  1:06  Refinery  
  17  1:12  SCV  
  18  1:24  Engineering Bay  
  18  1:42  Bunker  
  18  1:43  Marine  
  19  1:53  Orbital Command  
  19  2:02  Refinery  
  19  2:03  Supply Depot  
  19  2:04  Marine x2  
  21  2:24  Marine  
  22  2:34  Factory  
  22  2:56  Command Center  
  22  3:14  Factory  
  22  3:20  SCV  
  23  3:32  SCV  
  23  3:33  Factory Tech Lab  
  24  3:36  Supply Depot  
  24  3:44  SCV  
  25  3:56  SCV  
  25  4:00  Siege Tank  
  25  4:02  Factory Tech Lab  
  29  4:08  SCV  
  30  4:11  Starport  
  30  4:15  Refinery, Orbital Command  
  30  4:20  SCV  
  31  4:27  Hellion  
  33  4:38  SCV  
  34  4:49  Hellion  
  34  4:51  SCV  
  37  4:54  Armory  
  37  4:56  Siege Tank  
  40  5:03  SCV  
  41  5:13  SCV  
  42  5:15  SCV  
  42  5:16  Viking  
  45  5:25  SCV  
  45  5:26  Refinery  
  45  5:27  SCV  
  50  5:38  SCV  
  50  5:39  SCV  
  49  5:48  Thor  
  55  5:50  SCV  
  55  5:51  Supply Depot x2, SCV  
  57  6:02  SCV  
  57  6:03  Engineering Bay, SCV  
  59  6:14  SCV  
  59  6:15  SCV  
  61  6:26  SCV  
  61  6:30  Starport Tech Lab  
  62  6:34  Thor  
  62  6:36  Infernal Pre-Igniter  
  62  6:39  Hellion  
  70  6:55  Factory x2  
  70  6:58  Missile Turret  
  70  6:59  Missile Turret  
  70  7:01  Missile Turret, Hellion  
  72  7:17  Hellion  
  72  7:19  Missile Turret  
  72  7:22  Hellion  
  76  7:25  Missile Turret  
  76  7:28  Missile Turret x2  
  76  7:29  Missile Turret x2  
  76  7:37  Supply Depot  
  76  7:38  Hellion  
  76  7:39  Supply Depot x2  
  78  7:55  Factory Tech Lab x2  
  78  7:59  Hellion  
  80  8:27  Command Center  
  80  8:32  SCV x2  
  82  8:35  Command Center  
  82  8:36  Missile Turret  
  82  8:37  Missile Turret  
  82  8:40  Terran Vehicle And Ship Armor Level 1  
  82  8:44  SCV x2  
  84  8:56  SCV x2  
  84  9:02  Raven  
  88  9:21  Command Center, Factory  
  88  9:27  Factory  
  88  9:31  Thor  
  88  9:32  Thor  
  88  9:37  Raven  
  102  9:40  Neosteel Armor  
  102  10:05  Planetary Fortress  
  102  10:07  Refinery  
  102  10:08  Refinery  
  102  10:11  Missile Turret x3  
  102  10:14  Thor x2, Orbital Command  
  114  10:25  SCV x2  
  116  10:34  Terran Vehicle Weapons Level 1  
  116  10:37  SCV x2  
  116  10:39  Factory Tech Lab  
  118  10:45  Factory Tech Lab  
  118  10:49  SCV x2  
  120  11:20  Hi-Sec Auto Tracking  
  84  11:56  Thor  
  84  11:57  Thor x5  
  85  12:28  Terran Ship Weapons Level 1  
  81  12:39  Thor  
  74  13:40  Hellbat x5  
  74  13:41  Hellbat, Orbital Command  
  86  13:48  Planetary Fortress  
  86  14:00  Raven  
  86  14:01  Hellbat x3  
  86  14:02  Hellbat x3  
  100  14:22  Hellbat, Terran Vehicle And Ship Armor Level 2  
  100  14:23  Hellbat x5  
  112  14:32  Supply Depot  
  112  14:34  Raven  
  112  14:36  Armory  
  114  14:43  Refinery  
  114  14:44  Hellbat  
  114  14:45  Missile Turret x2  
  116  14:46  Refinery  
  116  14:49  Missile Turret  
  117  14:52  SCV  
  117  14:53  SCV x3  
  117  14:57  Thor  
  117  14:58  Thor x2  
  138  15:04  SCV  
  139  15:18  Supply Depot  
  139  15:19  Supply Depot  
  139  15:22  Supply Depot  
  139  15:23  Thor  
  139  15:24  Supply Depot, SCV x2  
  139  15:25  Hellbat x2, SCV x2  
  127  15:41  Hellbat x3  
  133  15:46  Medivac, Hellbat x2  
  139  15:55  Terran Ship Weapons Level 2  
  139  16:02  Hellbat x2  
  139  16:03  Hellbat  
  145  16:07  Hellbat  
  145  16:08  Hellbat x2  
  151  16:16  Medivac  
  153  16:38  Terran Vehicle Weapons Level 2  
  153  16:46  Medivac  
  85  17:18  Medivac  
  85  17:20  Thor  
  85  17:21  Thor x2  
  53  17:48  Medivac  
  53  17:49  Hellbat x3  
  61  18:04  Hellbat, Hellion x2  
  67  18:10  Hellbat, Hellion x2  
  67  18:25  Hellbat, Hellion x2  
  51  18:54  Terran Vehicle And Ship Armor Level 3  
  51  18:55  Terran Vehicle Weapons Level 3  
  51  19:00  Hellbat, Hellion x3  
  51  19:01  Hellbat, Hellion  
  63  19:21  Hellbat x2  
  63  19:22  Hellbat x3, Hellion  
  75  19:42  Thor  
  75  19:43  Hellbat  
  49  20:16  Missile Turret  
  49  20:17  Missile Turret  
  49  20:20  Hellion x11  
  17  20:52  Missile Turret  
  17  20:55  Missile Turret  
Show
View Real Time Build Order
Export as new Build Order

StonedJeezus Zerg - Winner!

Build Orders: 3 Hatch before Pool 

Get SALT Encoding   

  12  0:01  Drone  
  13  0:07  Drone  
  14  0:18  Overlord  
  14  0:31  Overlord  
  14  0:38  Drone x2  
  16  1:02  Hatchery  
  15  1:10  Drone x2  
  17  1:11  Drone  
  18  1:33  Hatchery  
  17  1:42  Spawning Pool  
  16  1:47  Drone  
  16  1:52  Drone  
  18  1:55  Drone  
  19  2:01  Overlord  
  19  2:29  Queen  
  21  2:31  Queen  
  21  2:32  Drone x2  
  21  2:36  Drone x3  
  28  2:48  Drone  
  28  2:51  Drone x2  
  31  2:54  Drone  
  31  2:56  Drone  
  33  3:03  Drone  
  34  3:11  Drone  
  35  3:13  Queen  
  35  3:15  Drone  
  35  3:19  Overlord  
  38  3:21  Overlord  
  38  3:24  Overlord  
  38  3:31  Drone  
  38  3:33  Queen  
  41  3:38  Drone  
  41  3:40  Drone  
  43  3:42  Drone  
  43  3:45  Extractor  
  43  3:47  Drone  
  43  3:48  Extractor, Drone x5  
  47  3:52  Drone x2  
  50  3:58  Zergling x2  
  50  3:59  Zergling x2  
  52  4:12  Overlord, Zergling x4  
  52  4:13  Overlord  
  52  4:15  Extractor  
  53  4:17  Extractor  
  53  4:23  Extractor  
  53  4:24  Extractor, Drone x6  
  53  4:26  Drone x2  
  53  4:27  Drone  
  59  4:33  Drone x3  
  62  4:40  Drone  
  62  4:41  Drone x3  
  66  4:51  Metabolic Boost  
  66  4:53  Lair  
  66  4:57  Roach Warren  
  65  5:00  Drone x3  
  65  5:01  Drone x5  
  73  5:15  Drone  
  74  5:24  Spore Crawler  
  74  5:26  Spore Crawler  
  72  5:34  Evolution Chamber  
  72  5:35  Evolution Chamber  
  70  5:37  Spine Crawler  
  70  5:38  Spine Crawler  
  70  5:40  Roach x4  
  70  5:41  Roach x4  
  70  5:42  Roach x3  
  90  5:52  Spire  
  89  6:03  Drone  
  90  6:04  Overlord x3  
  90  6:10  Zerg Missile Weapons Level 1, Zerg Ground Armor Level 1  
  90  6:13  Overlord x2  
  90  6:14  Overlord  
  90  6:15  Overlord  
  90  6:17  Overlord  
  90  6:18  Glial Reconstitution  
  90  6:23  Burrow  
  90  6:43  Baneling Nest  
  89  7:05  Corruptor x2, Zerg Flyer Weapons Level 1  
  89  7:06  Corruptor x5  
  103  7:17  Roach x2  
  103  7:18  Roach x3  
  103  7:19  Roach x2  
  103  7:20  Roach  
  103  7:21  Overlord  
  119  7:33  Zergling x4  
  119  7:34  Pneumatized Carapace, Zergling x12  
  127  7:37  Overseer, Tunneling Claws  
  127  7:48  Corruptor x3  
  133  8:12  Hatchery  
  132  8:16  Zerg Missile Weapons Level 2  
  132  8:17  Zerg Ground Armor Level 2  
  132  8:23  Evolution Chamber  
  132  8:26  Infestation Pit  
  130  8:29  Drone  
  130  8:30  Drone  
  130  8:32  Drone x5  
  137  8:34  Drone x3  
  137  8:35  Drone x3  
  143  8:51  Zerg Melee Weapons Level 1  
  143  8:59  Roach  
  143  9:00  Overlord x2  
  145  9:04  Hive  
  145  9:05  Zerg Flyer Weapons Level 2  
  145  9:12  Overlord x7  
  145  9:17  Hydralisk Den  
  144  9:26  Ravager x6  
  144  9:27  Ravager  
  144  9:30  Zergling x2  
  144  9:31  Zergling x4  
  154  9:32  Zergling x8  
  154  9:33  Zergling x6  
  161  9:39  Zergling x4  
  163  9:45  Overlord  
  163  9:46  Overlord x2  
  163  9:49  Muscular Augments  
  163  10:02  Roach x3  
  163  10:04  Roach x3  
  163  10:05  Roach x5  
  163  10:06  Roach  
  187  10:19  Ultralisk Cavern  
  186  10:27  Queen  
  186  10:28  Drone x3  
  191  10:29  Drone  
  191  10:30  Drone x2  
  191  10:31  Drone x2  
  196  10:36  Drone x4  
  196  10:40  Extractor  
  199  10:45  Extractor  
  198  10:53  Grooved Spines  
  198  10:54  Zerg Missile Weapons Level 3, Zerg Ground Armor Level 3  
  198  10:56  Zerg Melee Weapons Level 2  
  198  11:02  Baneling x4  
  198  11:03  Baneling x5  
  198  11:04  Baneling  
  198  11:24  Drone x2  
  200  11:32  Centrifugal Hooks  
  128  12:15  Zergling x8  
  129  12:16  Zergling x36  
  129  12:17  Zergling x18  
  129  12:22  Zergling x6  
  97  13:18  Roach x5  
  103  13:20  Roach x2  
  103  13:21  Roach  
  103  13:22  Roach x4  
  103  13:23  Roach x3  
  103  13:26  Ultralisk x2  
  103  13:27  Ultralisk  
  135  13:30  Chitinous Plating  
  133  13:34  Drone  
  134  13:50  Roach x3  
  134  13:51  Roach x3  
  134  13:54  Ultralisk x5  
  176  13:57  Ultralisk x4  
  200  14:13  Hatchery  
  199  14:31  Hatchery  
  198  14:44  Zerg Melee Weapons Level 3  
  198  14:49  Anabolic Synthesis  
  166  15:36  Roach  
  166  15:37  Roach x7  
  166  15:38  Roach x3  
  166  15:40  Roach x5  
  166  15:41  Roach  
  200  16:38  Roach x25  
  200  16:39  Hatchery  
  199  16:40  Roach x29  
  199  16:51  Hatchery  
  196  17:00  Ravager x4  
  196  17:01  Ravager x6  
  193  17:02  Ravager x2  
  182  17:12  Ravager x5  
  182  17:13  Ravager x7  
  182  17:14  Ravager x5  
  169  17:20  Zergling x2  
  169  17:21  Zergling x30  
  169  17:22  Zergling x30  
  200  17:24  Adrenal Glands  
  95  18:41  Mutalisk x3  
  85  18:43  Mutalisk x5  
  85  18:44  Mutalisk x7  
  85  18:45  Mutalisk  
  85  18:46  Mutalisk x3  
  85  18:47  Mutalisk x11  
  145  18:53  Zergling x2  
  145  18:54  Zergling x2  
  145  18:55  Zergling x10  
  149  19:09  Extractor  
  148  19:10  Extractor  
  130  20:01  Mutalisk x3  
  130  20:03  Mutalisk x4  
  134  20:20  Zergling x2  
  134  20:21  Zergling x24  
  137  20:22  Zergling x18  
  143  20:45  Extractor  
  143  20:49  Zergling x2  
  144  20:50  Zergling x6  
  145  21:06  Drone x3  
Tags
 
Add a new tag
Caveats
  • Supply blocks, unpowered buildings, or Contaminate may cause inaccurate times.
  • Supply counts are checked every 10 seconds.